 Dungeon Crawl Stone Soup version 0.29-a0-1047-g7c58e119a4 (webtiles) character file.

Game seed: 5816611202923134455

300 IdlyInterested the Cutter (level 6, -1/48 HPs)
             Began as a Demonspawn Wanderer on Aug 16, 2022.
             Killed from afar by a white imp (10 damage)
             ... with a puff of frost
             ... summoned by Natasha
             ... on level 3 of the Dungeon.
             The game lasted 00:06:31 (2429 turns).

IdlyInterested the Cutter (Demonspawn Wanderer)     Turns: 2429, Time: 00:06:33

Health: -1/48      AC:  7    Str: 11    XL:     6   Next: 13%
Magic:  7/7        EV:  8    Int: 11    God:
Gold:   120        SH:  4    Dex: 18    Spells: 5/5 levels left

rFire   . . .      SeeInvis .   a - +0 rapier
rCold   . . .      Faith    .   c - +0 buckler
rNeg    . . .      Spirit   .   m - +0 scale mail
rPois   .          Reflect  .   (no helmet)
rElec   .          Harm     .   (no cloak)
rCorr   .          Rampage  .   h - +0 pair of gloves
Will    .....                   (no boots)
Stlth   +.........              (no amulet)
HPRegen 0.16/turn               n - ring of wizardry
MPRegen 0.10/turn               (no ring)

@: slowed, very slow
A: spiny 2
a: no special abilities


You were on level 3 of the Dungeon.
You visited 1 branch of the dungeon, and saw 3 of its levels.

You collected 120 gold pieces.

Inventory:

Hand Weapons
 a - a +0 rapier (weapon)
Missiles
 o - 4 poisoned darts (quivered)
Armour
 c - a +0 buckler (worn)
 e - a +0 leather armour
 h - a +0 pair of gloves (worn)
 m - a +0 scale mail (worn)
 p - a +0 chain mail
Jewellery
 n - a ring of wizardry (left hand)
Scrolls
 b - a scroll of butterflies
 i - 2 scrolls of immolation
 l - a scroll of acquirement {unknown}
Potions
 d - a potion of attraction
 f - a potion of flight
 g - a potion of ambrosia {unknown}
 j - 2 potions of brilliance
 k - a potion of mutation
 q - 2 potions of heal wounds


   Skills:
 - Level 4.0 Fighting
 * Level 5.6 Short Blades
 - Level 1.0 Throwing
 + Level 1.2 Armour
 - Level 1.0 Dodging
 - Level 1.0 Stealth
 - Level 1.0 Shields
 - Level 2.0 Invocations
 - Level 1.0 Evocations


You had 5 spell levels left.
You didn't know any spells.
Your spell library contained the following spells:

 Spells                   Type           Power      Damage    Failure   Level
 Poisonous Vapours        Pois/Air       0%         N/A       83%         2
 Gell's Gravitas          Tloc           0%         N/A       96%         3
 Teleport Other           Tloc           0%         N/A       96%         3
 Corpse Rot               Necr/Pois/Air  0%         N/A       100%        4
 Dispersal                Tloc           0%         N/A       100%        6


Dungeon Overview and Level Annotations

Branches:
Dungeon (3/15)

Altars:
Dithmenos
Trog

Shops:
D:2 [

Annotations:
D:3 Natasha


Innate Abilities, Weirdness & Mutations

You are mostly covered in sharp spines.


Message History

Natasha stares at you and mumbles some strange words.
You feel yourself slow down.
You hit Natasha.
Natasha is heavily wounded.
Natasha mumbles some strange words.
You hit Natasha.
Natasha is heavily wounded.
Natasha claws you. The white imp gestures at you. The puff of frost hits you.
Natasha is struck by your spines. Natasha barely misses you.
You barely miss Natasha.
Natasha is almost dead.
Natasha drinks a potion.
Natasha is healed!
The white imp hits you. The white imp freezes you.
You hit Natasha.
Natasha is moderately wounded.
Natasha stares at you and mumbles some strange words.
The magic dart hits you. You block the white imp's attack.
Natasha is struck by your spines. Natasha claws you!
Unknown command.
You closely miss Natasha.
Natasha is severely wounded.
The white imp shouts, "Turn tail, thou pottle-deep dizzy-eyed skainsmate!"
The white imp gestures at you. The puff of frost hits you.
Natasha stares at you and mumbles some strange words.
The magic dart hits you but does no damage.
You hit Natasha but do no damage.
Natasha is severely wounded.
You block the white imp's attack. Natasha claws you but does no damage.
The white imp hits you. The white imp freezes you.
You closely miss Natasha.
Natasha is severely wounded.
Natasha mewls in sadness.
Natasha claws you.
* * * LOW HITPOINT WARNING * * *
The white imp gestures at you. The puff of frost hits you!
You die...

#.##.##.###.............##†#
#.......# ##............##.#
####.#### ###.............#
#.# ##.......#.#†##.# #.#
##.#........#>.#.# #.#
##.#....##.#.##.#.# #.#
#.......##.#.##.#.# #.##
#.....†5##....... #..#
#.....h@...####.## #..#
#....[..##.##...# #.##
#.......##.##.#.# #.#
#.......##.##.#.# #.#
#.......##......# #.#
#############.### #.#
#########.# #.#
######.<.....#.#
####.####......#####.#.#


You could see Natasha and a white imp (summoned).

Vanquished Creatures
  Sigmund (D:3)
  Natasha (twice) (D:3)
  A gnoll (D:1)
  An adder (D:2)
  A worm (D:2)
  3 dart slugs
  An orc (D:3)
  4 bats
  6 endoplasms
  5 giant cockroaches
  6 goblins
  7 hobgoblins
  3 jackals (D:3)
  A kobold (D:1)
  6 quokkas
  5 ball pythons
  3 frilled lizards
  5 rats
61 creatures vanquished.

Vanquished Creatures (others)
  A fungus (D:1)
1 creature vanquished.

Grand Total: 62 creatures vanquished

Notes
Turn   | Place    | Note
-------+----------+-------------------------------------------
     0 | D:1      | IdlyInterested the Demonspawn Wanderer began the quest for
                  | the Orb.
     0 | D:1      | IdlyInterested set off with the following items: a +0
                  | rapier, a scroll of butterflies, a +0 buckler, a potion of
                  | attraction, a +0 leather armour.
     0 | D:1      | Reached XP level 1. HP: 19/19 MP: 1/1
   270 | D:1      | Reached skill level 3 in Short Blades
   388 | D:1      | Gained mutation: You are partially covered in sharp spines.
                  | [demonic ancestry]
   388 | D:1      | Reached XP level 2. HP: 25/25 MP: 2/2
   453 | D:1      | Found a faded altar of an unknown god.
   541 | D:1      | Reached skill level 1 in Armour
   782 | D:1      | Reached XP level 3. HP: 30/30 MP: 3/3
  1324 | D:2      | Reached skill level 1 in Stealth
  1477 | D:2      | Found Niteob's Armour Boutique.
  1604 | D:2      | Found a bloodstained altar of Trog.
  1610 | D:2      | Gained mutation: You are mostly covered in sharp spines.
                  | [demonic ancestry]
  1610 | D:2      | Reached XP level 4. HP: 37/37 MP: 5/5
  1614 | D:2      | Reached skill level 4 in Short Blades
  1834 | D:3      | Noticed Natasha
  1840 | D:3      | Killed Natasha
  1940 | D:3      | Found a shadowy altar of Dithmenos.
  1941 | D:3      | Noticed Sigmund
  1962 | D:3      | Killed Sigmund
  1963 | D:3      | Reached skill level 5 in Short Blades
  1963 | D:3      | Reached skill level 1 in Throwing
  1963 | D:3      | Reached skill level 1 in Evocations
  1963 | D:3      | Reached XP level 5. HP: 19/42 MP: 6/6
  1991 | D:3      | Noticed Natasha
  1997 | D:3      | Killed Natasha
  1998 | D:3      | Reached XP level 6. HP: 26/48 MP: 7/7
  2416 | D:3      | Noticed Natasha
  2429 | D:3      | Killed from afar by a white imp

Illustrated notes

Levels and vault maps discovered:
D:1:      amcnicky_arrival_flooded_fountain, layout_basic,
          shapermc_ecumenical_altar_acropolis
D:2:      layout_rooms, basic_altar, serial_shops, nicolae_square_shop
D:3:      layout_loops_cross, mainiacjoe_overflow_cross_hatched,
          gammafunk_temple_overflow_pools, uniq_natasha, uniq_sigmund

Skill      XL: |  1  2  3  4 |
---------------+-------------+-----
Short Blades   | 3 5 |  5.6
Armour         | 1 |  1.2
Stealth        | 1 |  1.0
Throwing       | 1 |  1.0
Invocations    | 2 |  2.0
Evocations     | 1 |  1.0
Fighting       | |  4.0
Dodging        | |  1.0
Shields        | |  1.0

Action                   |  1- 3 |  4- 6 || total
-------------------------+-------+-------++-------
Melee: Rapier            |    83 |    66 ||   149
  Use: Scroll            |     4 |     5 ||     9
       Potion            |       |     1 ||     1
 Stab: Sleeping          |     3 |       ||     3
Armor: Leather armour    |    16 |       ||    16
       Scale mail        |       |    21 ||    21
Dodge: Dodged            |    29 |    17 ||    46
Block: Buckler           |    13 |    16 ||    29

Table legend: (Time is in decaauts)
 A = Elapsed time spent in this place.
 B = Non-inter-level travel time spent in this place.
 C = Inter-level travel time spent in this place.
 D = Time resting spent in this place.
 E = Time spent auto-exploring this place.
 F = Levels seen in this place.
 G = Mean time per level.
                   A        B        C        D        E       F      G
               +--------+--------+--------+--------+--------+-----+--------+
         Total |   2421 |   2228 |    193 |    519 |   1122 |   3 |  807.0 |
       Dungeon |   2421 |   2228 |    193 |    519 |   1122 |   3 |  807.0 |
               +--------+--------+--------+--------+--------+-----+--------+

Top non-repeatable levels by time:
     D:1: 1179 daAuts
     D:2: 650 daAuts
     D:3: 591 daAuts
